PBL
CANTON INDIANS @ CHESTER PIRATES
08/07/2049
 
TOP OF THE 1ST
Canton Indians batting - Pitching for Chester Pirates : LHP Herb Achbar
Pitching: LHP Herb Achbar
Batting: RHB Nick Rainey 0-0: Ground out 5-3 (Groundball, 56S, EV 88.8 MPH)
Batting: RHB Willie Toral 0-0: Called Strike
0-1: Ground out U3 (Groundball, 34S, EV 83.1 MPH)
Batting: RHB Rob Marti 0-0: Swinging Strike
0-1: Ball
1-1: Foul Ball, location: 2F
1-2: Ball
2-2: Foul Ball, location: 2F
2-2: Ball
3-2: Base on Balls
Batting: LHB Julio Zamora 0-0: Ball
1-0: Foul Ball, location: 2F
1-1: Ball
2-1: Ball
3-1: Base on Balls
Rob Marti to second
Batting: RHB Ryan Paquette 0-0: Ball
1-0: Swinging Strike
1-1: Ball
2-1: Ground out 5-3 (Groundball, 56S, EV 85.0 MPH)
Top of the 1st over - 0 runs, 0 hits, 0 errors, 2 left on base; Canton 0 - Chester 0
BOTTOM OF THE 1ST
Chester Pirates batting - Pitching for Canton Indians : LHP Sterling Peyton
Pitching: LHP Sterling Peyton
Batting: RHB Edwardo Tanchez 0-0: Ball
1-0: Called Strike
1-1: Called Strike
1-2: Strikes out swinging
Batting: RHB Rafael Galicia 0-0: Called Strike
0-1: Called Strike
0-2: Ball
1-2: DOUBLE (Line Drive, 78D, EV 98.1 MPH)
Batting: RHB Zach Chmieleski 0-0: Foul Ball, location: 2F
0-1: Ball
1-1: Ball
2-1: Foul Ball, location: 2F
2-2: Ball
3-2: DOUBLE (Line Drive, 89D, EV 103.1 MPH)
Rafael Galicia scores
Batting: SHB Mike Corley 0-0: Ball
1-0: Foul Ball, location: 2F
1-1: Ball
2-1: Fly out, F9 (Line Drive, 89M, EV 86.9 MPH)
Batting: RHB Bob Buckler 0-0: Called Strike
0-1: Ball
1-1: SINGLE (Line Drive, 4D, EV 94.4 MPH)
Zach Chmieleski to third
Batting: RHB Matt Rangel 0-0: Ball
1-0: Ball
2-0: Foul Ball, location: 2F
2-1: Called Strike
2-2: Ball
3-2: Strikes out looking
Bottom of the 1st over - 1 run, 3 hits, 0 errors, 2 left on base; Canton 0 - Chester 1
TOP OF THE 2ND
Canton Indians batting - Pitching for Chester Pirates : LHP Herb Achbar
Batting: RHB Jonathan Johnstad 0-0: Called Strike
0-1: Ground out 6-3 (Groundball, 6, EV 98.1 MPH)
Batting: LHB Jason Kessler 0-0: Ball
1-0: Called Strike
1-1: Ball
2-1: Foul Ball, location: 2F
2-2: Foul Ball, location: 2F
2-2: Ball
3-2: Base on Balls
Batting: RHB Giuliano Giacoletti Jr. 0-0: Called Strike
0-1: Hit by Pitch
Jason Kessler to second
Batting: SHB Jose Abreu 0-0: Swinging Strike
0-1: Ball
1-1: Foul Ball, location: 2F
1-2: Fielders Choice at 2nd, 1-6 (Groundball, 13S, EV 66.9 MPH)
Jason Kessler to third
Batting: RHB Nick Rainey 0-0: 3-RUN HOME RUN (Flyball, 89XD, EV 109.4 MPH), Distance : 429 ft
Batting: RHB Willie Toral 0-0: Ground out 6-3 (Groundball, 6S, EV 90.0 MPH)
Top of the 2nd over - 3 runs, 1 hit, 0 errors, 0 left on base; Canton 3 - Chester 1
BOTTOM OF THE 2ND
Chester Pirates batting - Pitching for Canton Indians : LHP Sterling Peyton
Batting: RHB William Lindsey 0-0: Fly out, F7 (Flyball, 7D, EV 85.0 MPH)
Batting: SHB Thad Shearing 0-0: Ball
1-0: Called Strike
1-1: Fly out, F9 (Flyball, 89S, EV 93.8 MPH)
Batting: LHB Sean Driscoll 0-0: Ball
1-0: Foul Ball, location: 2F
1-1: Fly out, F8 (Flyball, 8LM, EV 78.8 MPH)
Bottom of the 2nd over - 0 runs, 0 hits, 0 errors, 0 left on base; Canton 3 - Chester 1
TOP OF THE 3RD
Canton Indians batting - Pitching for Chester Pirates : LHP Herb Achbar
Batting: RHB Rob Marti 0-0: Ball
1-0: Ball
2-0: Called Strike
2-1: Ball
3-1: Called Strike
3-2: Foul Ball, location: 2F
3-2: Ground out 3-1 (Groundball, 13, EV 87.5 MPH)
Batting: LHB Julio Zamora 0-0: Ball
1-0: Fly out, F9 (Flyball, 9, EV 89.4 MPH)
Batting: RHB Ryan Paquette 0-0: Ground out 6-3 (Groundball, 6, EV 107.5 MPH)
Top of the 3rd over - 0 runs, 0 hits, 0 errors, 0 left on base; Canton 3 - Chester 1
BOTTOM OF THE 3RD
Chester Pirates batting - Pitching for Canton Indians : LHP Sterling Peyton
Batting: RHB Edwardo Tanchez 0-0: Called Strike
0-1: Ball
1-1: Called Strike
1-2: Ball
2-2: Strikes out swinging
Batting: RHB Rafael Galicia 0-0: Fly out, F8 (Flyball, 89M, EV 88.1 MPH)
Batting: RHB Zach Chmieleski 0-0: Ball
1-0: Ball
2-0: Ball
3-0: Called Strike
3-1: Base on Balls
Batting: SHB Mike Corley 0-0: Ball
1-0: SINGLE (Groundball, 23, EV 65.0 MPH) (infield hit)
Zach Chmieleski to second
Batting: RHB Bob Buckler 0-0: Fly out, F7 (Flyball, 7, EV 85.0 MPH)
Bottom of the 3rd over - 0 runs, 1 hit, 0 errors, 2 left on base; Canton 3 - Chester 1
TOP OF THE 4TH
Canton Indians batting - Pitching for Chester Pirates : LHP Herb Achbar
Batting: RHB Jonathan Johnstad 0-0: Ball
1-0: Ball
2-0: Ball
3-0: Base on Balls
Batting: LHB Jason Kessler 0-0: Swinging Strike
0-1: Ball
1-1: Swinging Strike
1-2: Strikes out swinging
Pitching: LHP Dave Pearce
Batting: RHB Giuliano Giacoletti Jr. 0-0: Ball
1-0: Ball
2-0: Ball
3-0: Called Strike
3-1: Foul Ball, location: 2F
3-2: Strikes out swinging
Batting: SHB Jose Abreu 0-0: Ball
1-0: SINGLE (Groundball, 5D, EV 100.6 MPH)
Jonathan Johnstad to second
Batting: RHB Nick Rainey 0-0: Called Strike
0-1: Ball
1-1: Ball
2-1: Swinging Strike
2-2: Strikes out swinging
Top of the 4th over - 0 runs, 1 hit, 0 errors, 2 left on base; Canton 3 - Chester 1
BOTTOM OF THE 4TH
Chester Pirates batting - Pitching for Canton Indians : LHP Sterling Peyton
Batting: RHB Matt Rangel 0-0: Called Strike
0-1: Called Strike
0-2: Foul Ball, location: 2F
0-2: Foul Ball, location: 2F
0-2: Foul Ball, location: 2F
0-2: Ball
1-2: Ball
2-2: Ball
3-2: Strikes out swinging
Batting: RHB William Lindsey 0-0: Ball
1-0: Called Strike
1-1: Ball
2-1: Foul Ball, location: 2F
2-2: Foul Ball, location: 2F
2-2: Strikes out swinging
Batting: SHB Thad Shearing 0-0: Called Strike
0-1: Called Strike
0-2: Strikes out swinging
Bottom of the 4th over - 0 runs, 0 hits, 0 errors, 0 left on base; Canton 3 - Chester 1
TOP OF THE 5TH
Canton Indians batting - Pitching for Chester Pirates : LHP Dave Pearce
Batting: RHB Willie Toral 0-0: Ball
1-0: Foul Ball, location: 2F
1-1: Foul Ball, location: 2F
1-2: Foul Ball, location: 2F
1-2: Strikes out swinging
Batting: RHB Rob Marti 0-0: Ball
1-0: Ball
2-0: Foul Ball, location: 2F
2-1: Ball
3-1: Called Strike
3-2: Ground out 5-3 (Groundball, 56S, EV 65.0 MPH)
Batting: LHB Dorian Oram 0-0: Ball
1-0: Ball
2-0: Called Strike
2-1: Called Strike
2-2: Ball
3-2: Ground out 4-3 (Groundball, 4, EV 86.9 MPH)
Top of the 5th over - 0 runs, 0 hits, 0 errors, 0 left on base; Canton 3 - Chester 1
BOTTOM OF THE 5TH
Chester Pirates batting - Pitching for Canton Indians : LHP Sterling Peyton
Batting: LHB Sean Driscoll 0-0: Ball
1-0: Swinging Strike
1-1: Swinging Strike
1-2: Foul Ball, location: 2F
1-2: Foul Ball, location: 2F
1-2: Ball
2-2: Strikes out swinging
Batting: RHB Edwardo Tanchez 0-0: Called Strike
0-1: Swinging Strike
0-2: Ball
1-2: Strikes out swinging
Batting: RHB Rafael Galicia 0-0: Fly out, F9 (Flyball, 89M, EV 83.8 MPH)
Bottom of the 5th over - 0 runs, 0 hits, 0 errors, 0 left on base; Canton 3 - Chester 1
TOP OF THE 6TH
Canton Indians batting - Pitching for Chester Pirates : LHP Dave Pearce
Batting: RHB Ryan Paquette 0-0: Called Strike
0-1: Called Strike
0-2: Ball
1-2: Strikes out swinging
Batting: RHB Jonathan Johnstad 0-0: Ground out 3-1 (Groundball, 34, EV 105.6 MPH)
Batting: LHB Jason Kessler 0-0: Called Strike
0-1: Ball
1-1: Swinging Strike
1-2: Ball
2-2: Strikes out swinging, 2-3 out at first.
Top of the 6th over - 0 runs, 0 hits, 0 errors, 0 left on base; Canton 3 - Chester 1
BOTTOM OF THE 6TH
Chester Pirates batting - Pitching for Canton Indians : LHP Sterling Peyton
Batting: RHB Zach Chmieleski 0-0: Foul Ball, location: 2F
0-1: Swinging Strike
0-2: Ball
1-2: Ball
2-2: Ball
3-2: Foul Ball, location: 2F
3-2: Ground out 1-3 (Groundball, 15S, EV 63.1 MPH)
Pitching: LHP Marco Atilano
Batting: SHB Mike Corley 0-0: Ball
1-0: Ball
2-0: Ball
3-0: Called Strike
3-1: Base on Balls
Batting: RHB Bob Buckler 0-0: Foul Ball, location: 2F
0-1: Fly out, F8 (Flyball, 89D, EV 86.2 MPH)
Batting: RHB Matt Rangel 0-0: Called Strike
0-1: Foul Ball, location: 2F
0-2: Fly out, F7 (Line Drive, 78S, EV 98.8 MPH)
Bottom of the 6th over - 0 runs, 0 hits, 0 errors, 1 left on base; Canton 3 - Chester 1
TOP OF THE 7TH
Canton Indians batting - Pitching for Chester Pirates : LHP Dave Pearce
Batting: RHB Giuliano Giacoletti Jr. 0-0: Fly out, F6 (Popup, 6MS, EV 63.8 MPH)
Batting: SHB Jose Abreu 0-0: Ball
1-0: Fly out, F8 (Flyball, 8LS, EV 84.4 MPH)
Batting: RHB Nick Rainey 0-0: Ball
1-0: Called Strike
1-1: Swinging Strike
1-2: Foul Ball, location: 2F
1-2: SINGLE (Line Drive, 56D, EV 111.9 MPH)
Batting: RHB Willie Toral 0-0: Swinging Strike
0-1: Ball
1-1: Fly out, F8 (Flyball, 8LM, EV 90.6 MPH)
Top of the 7th over - 0 runs, 1 hit, 0 errors, 1 left on base; Canton 3 - Chester 1
BOTTOM OF THE 7TH
Chester Pirates batting - Pitching for Canton Indians : LHP Marco Atilano
Batting: RHB William Lindsey 0-0: Fly out, F9 (Flyball, 89M, EV 89.4 MPH)
Batting: SHB Thad Shearing 0-0: Swinging Strike
0-1: Foul Ball, location: 2F
0-2: Ball
1-2: Ball
2-2: Ground out 6-3 (Groundball, 56, EV 102.5 MPH)
Batting: RHB Freddy Mulholland 0-0: Fly out, F4 (Popup, 4, EV 61.2 MPH)
Bottom of the 7th over - 0 runs, 0 hits, 0 errors, 0 left on base; Canton 3 - Chester 1
TOP OF THE 8TH
Canton Indians batting - Pitching for Chester Pirates : LHP Dave Pearce
Pitching: RHP Steve Kane
Batting: RHB Rob Marti 0-0: Ball
1-0: Swinging Strike
1-1: Ball
2-1: Foul Ball, location: 2F
2-2: Ball
3-2: Strikes out looking
Batting: LHB Dorian Oram 0-0: Foul Ball, location: 2F
0-1: Ground out 1-3 (Groundball, P, EV 66.9 MPH)
Batting: RHB Ryan Paquette 0-0: Foul Ball, location: 2F
0-1: Ball
1-1: Ball
2-1: SINGLE (Groundball, P, EV 81.9 MPH) (infield hit)
Batting: RHB Jonathan Johnstad 0-0: Ball
1-0: Ball
2-0: Foul Ball, location: 2F
2-1: Fly out, F8 (Line Drive, 8RD, EV 104.4 MPH)
Top of the 8th over - 0 runs, 1 hit, 0 errors, 1 left on base; Canton 3 - Chester 1
BOTTOM OF THE 8TH
Chester Pirates batting - Pitching for Canton Indians : LHP Marco Atilano
Batting: RHB Edwardo Tanchez 0-0: Foul Ball, location: 2F
0-1: Foul Ball, location: 2F
0-2: Ball
1-2: Foul Ball, location: 2F
1-2: Ball
2-2: Fly out, F9 (Flyball, 89S, EV 75.0 MPH)
Batting: RHB Rafael Galicia 0-0: Hit by Pitch
Batting: RHB Zach Chmieleski 0-0: Ball
1-0: Swinging Strike
1-1: Called Strike
1-2: Foul Ball, location: 2F
1-2: Ball
2-2: Strikes out swinging
Batting: SHB Mike Corley 0-0: Ball
1-0: Foul Ball, location: 2F
1-1: Ball
2-1: Called Strike
2-2: Foul Ball, location: 2F
2-2: Ball
3-2: Ground out 5-3 (Groundball, 56, EV 101.9 MPH)
Bottom of the 8th over - 0 runs, 0 hits, 0 errors, 1 left on base; Canton 3 - Chester 1
TOP OF THE 9TH
Canton Indians batting - Pitching for Chester Pirates : RHP Steve Kane
Pitching: RHP Dan Cauble
Pinch Hitting: SHB Brad Larabel 0-0: Called Strike
0-1: Ground out 6-3 (Groundball, 6, EV 102.5 MPH)
Batting: RHB Giuliano Giacoletti Jr. 0-0: Swinging Strike
0-1: Ball
1-1: Ball
2-1: Called Strike
2-2: Foul Ball, location: 2F
2-2: Strikes out swinging
Batting: SHB Jose Abreu 0-0: Foul Ball, location: 2F
0-1: Called Strike
0-2: Strikes out swinging
Top of the 9th over - 0 runs, 0 hits, 0 errors, 0 left on base; Canton 3 - Chester 1
BOTTOM OF THE 9TH
Chester Pirates batting - Pitching for Canton Indians : LHP Marco Atilano
Pitching: RHP Abdul-Wadud Mazin
Now at 1B: David Haas
Batting: RHB Bob Buckler 0-0: Foul Ball, location: 2F
0-1: Ball
1-1: Ball
2-1: Called Strike
2-2: Ball
3-2: Base on Balls
Batting: RHB Matt Rangel 0-0: Ball
1-0: Foul Ball, location: 2F
1-1: Ball
2-1: Foul Ball, location: 2F
2-2: Foul Ball, location: 2F
2-2: Foul Ball, location: 2F
2-2: Foul Ball, location: 2F
2-2: Strikes out swinging
Batting: RHB William Lindsey 0-0: Ball
1-0: Swinging Strike
1-1: Called Strike
1-2: Ball
2-2: SINGLE (Groundball, 34D, EV 96.9 MPH)
Bob Buckler to second
Batting: SHB Thad Shearing 0-0: Ball
1-0: Fly out, F7 (Line Drive, 78M, EV 93.1 MPH)
Batting: RHB Joe Stepnowski 0-0: Foul Ball, location: 2F
0-1: Foul Ball, location: 2F
0-2: Foul Ball, location: 2F
0-2: Ball
1-2: Strikes out swinging
Bottom of the 9th over - 0 runs, 1 hit, 0 errors, 2 left on base; Canton 3 - Chester 1
Sunday, July 16th , 2023 - OOTP Baseball 24.6 Build 69